 Dungeon Crawl Stone Soup version 0.18.1-50-g88ac8fd (webtiles) character file.

21 GammafunkIsRetarded the Chiller (level 2, -5/17 HPs)
             Began as a High Elf Ice Elementalist on June 9, 2018.
             Was an Initiate of Elyvilon.
             Slain by an orc wizard
             ... wielding a +0 dagger
              (6 damage)
             ... on level 4 of the Dungeon.
             The game lasted 00:02:12 (259 turns).

GammafunkIsRetarded the Chiller (HEIE)               Turns: 259, Time: 00:02:12

Health: -5/17      AC:  3    Str: 12    XL:     2   Next: 62%
Magic:  1/7        EV: 12    Int: 18    God:    Elyvilon [......]
Gold:   24         SH:  0    Dex: 15    Spells: 1 memorised, 6 levels left

rFire  . . .     SeeInvis +     g - +0 falchion
rCold  . . .     Gourm    .     a - +0 robe
rNeg   . . .     Faith    .     (no shield)
rPois  .         Spirit   .     (no helmet)
rElec  .         Dismiss  .     (no cloak)
rCorr  .         Reflect  .     (no gloves)
SustAt .         Harm     .     (no boots)
MR     .....                    (no amulet)
Stlth  +.........               (no ring)
                                (no ring)

@: confused, mighty, not resistant to hostile enchantments, very unstealthy
A: see invisible, shaggy fur 1, no device heal 1
a: Renounce Religion


You were on level 4 of the Dungeon.
You worshipped Elyvilon.
Elyvilon was noncommittal.
You were not hungry.

You visited 1 branch of the dungeon, and saw 4 of its levels.

You collected 24 gold pieces.

Inventory:

Hand Weapons
 g - a +0 falchion (weapon)
Armour
 a - a +0 robe (worn)
Jewellery
 k - an uncursed ring of fire
Scrolls
 h - a scroll of enchant armour {unknown}
Books
 b - a book of Frost

   Spells                             Type                      Level
   a - Freeze                         Ice                          1
   b - Throw Frost                    Conjuration/Ice              2
   c - Ozocubu's Armour               Charms/Ice                   3
   d - Throw Icicle                   Conjuration/Ice              4
   e - Summon Ice Beast               Ice/Summoning                4
Comestibles
 c - 2 bread rations
 d - a meat ration


   Skills:
 - Level 2.1 Dodging
 - Level 2.1 Stealth
 - Level 3.2 Spellcasting
   Level 1.1 Conjurations
 + Level 3.4 Ice Magic


You had 6 spell levels left.
You knew the following spells:

 Your Spells              Type           Power        Failure   Level  Hunger
a - Freeze                Ice            ###.         4%          1    None


Dungeon Overview and Level Annotations

Branches:
Dungeon (4/15)
 Temple: D:4-7

Altars:
Elyvilon
Gozag
Kikubaaqudgha
Okawaru
Vehumet
Zin
The Shining One


Innate Abilities, Weirdness & Mutations

You have supernaturally acute eyesight.
You are covered in fur (AC +1).
Potions and wands are less effective at restoring your health.


Message History

Fur sprouts all over your body.
Your vision sharpens.
Reactivating autopickup.
The orc wizard closely misses you. The orc wizard casts a spell at you.
The magic dart hits you!
* * * LOW HITPOINT WARNING * * *
Unknown command.
Drink which item? (? for menu, Esc to quit)
It was a potion of might.
You feel very mighty all of a sudden. The orc wizard hits you with a dagger.
* * * LOW HITPOINT WARNING * * *
The orc wizard barely misses you.
Unknown command.
Unknown command.
You're too confused!
You bump into the rock wall.
The orc wizard hits you but does no damage.
The orc wizard hits you with a dagger.
You die...

#.#
#.######.....#
#.# #.# ##...##
#.# #.# ##.##
#.# #.# #.# #.#
#<# #.# #.# ###
#.# #.# #.###.##
#.# #.
#.##...######.#
#.#.....o@....#
##.##....o######
#...##)##.####
#.......o....#
#.####.####..#
#. #.([..# o.#
#.#.......# .#
#.#.......# .#
#....._.....


You could see 2 orc wizards and an orc.

Vanquished Creatures
  A shadow imp (D:4)
  4 orcs
  A goblin (D:3)
  2 quokkas
  A kobold (D:1)
9 creatures vanquished.

Notes
Turn   | Place    | Note
--------------------------------------------------------------
     0 | D:1      | GammafunkIsRetarded the High Elf Ice Elementalist began the quest for the Orb.
     0 | D:1      | Reached XP level 1. HP: 11/11 MP: 4/4
   105 | D:3      | Reached XP level 2. HP: 14/17 MP: 0/7
   128 | D:3      | Found a white marble altar of Elyvilon.
   137 | D:3      | Became a worshipper of Elyvilon the Healer
   160 | D:4      | Found a glowing golden altar of the Shining One.
   163 | D:4      | Found a radiant altar of Vehumet.
   163 | D:4      | Found an iron altar of Okawaru.
   164 | D:4      | Found an opulent altar of Gozag.
   164 | D:4      | Found a glowing silver altar of Zin.
   232 | D:4      | Found an ancient bone altar of Kikubaaqudgha.
   257 | D:4      | Gained mutation: Potions and wands are less effective at restoring your health. [potion of mutation]
   257 | D:4      | Gained mutation: You are covered in fur (AC +1). [potion of mutation]
   257 | D:4      | Gained mutation: You have supernaturally acute eyesight. [potion of mutation]
   259 | D:4      | Slain by an orc wizard

Skill      XL: |  1 |
---------------+----+-----
Spellcasting   | 3 |  3.2
Dodging        | |  2.1
Stealth        | |  2.1
Conjurations   | |  1.1
Ice Magic      | |  3.4

Action                   || total
-------------------------++-------
Melee: Falchion          ||    14
 Cast: Freeze            ||    19
  Use: Potion            ||     5
       Scroll            ||     1
 Stab: Sleeping          ||     1
Armor: Robe              ||     3
Dodge: Dodged            ||    23
